 Dungeon Crawl Stone Soup version 0.31-a0-192-ga50d7bf3bb (webtiles) character file.

Game seed: 17919588562986944855

2479 AvylaarBelgium the Thaumaturge (level 9, -1/46 HPs)
             Began as a Deep Elf Conjurer on June 24, 2023.
             Was a Believer of Vehumet.
             Slain by a gnoll
             ... wielding a +0 hand axe
              (4 damage)
             ... in a bailey.
             The game lasted 00:14:02 (5911 turns).

AvylaarBelgium the Thaumaturge (Deep Elf Conjurer)  Turns: 5911, Time: 00:14:03

Health: -1/46      AC:  2    Str:  4    XL:     9   Next: 27%
Magic:  18/26      EV: 12    Int: 28    God:    Vehumet [**....]
Gold:   402        SH:  0    Dex: 13    Spells: 19/30 levels left

rFire   . . .        t - +10 hand axe "Huudyi" {freeze, SInv}
rCold   . . .        (no shield)
rNeg    . . .        a - +0 robe
rPois   +            (no helmet)
rElec   .            (no cloak)
rCorr   .            (no gloves)
SInv    +            (no boots)
Will    +....        v - amulet of faith
Stlth   ++           k - ring of poison resistance
HPRegen 0.27/turn    l - ring of willpower
MPRegen 0.20/turn

%: faith
@: hasted (expiring), very quick
A: no striking features
a: Renounce Religion


You were in a bailey.
You worshipped Vehumet.
Vehumet was pleased with you.
You visited 2 branches of the dungeon, and saw 8 of its levels.
You also visited: Bailey.

You collected 402 gold pieces.

Inventory:

Hand Weapons
 t - the +10 hand axe "Huudyi" (weapon) {freeze, SInv}
   (You found it on level 3 of the Dungeon)

   SInv:      It lets you see invisible.
Missiles
 E - a throwing net
Armour
 a - a +0 robe (worn)
Jewellery
 k - a ring of poison resistance (left hand)
 l - a ring of willpower (right hand)
 v - an amulet of faith (around neck)
 B - a ring of positive energy
Wands
 r - a wand of flame (23)
 F - a wand of paralysis (8)
Scrolls
 c - 2 scrolls of silence
 d - 2 scrolls of teleportation
 g - 2 scrolls of vulnerability
 h - a scroll of identify
 m - a scroll of amnesia {unknown}
 q - a scroll of blinking {unknown}
 u - a scroll of noise {unknown}
 w - 2 scrolls of enchant weapon {unknown}
 y - a scroll of revelation {unknown}
 A - a scroll of immolation {unknown}
 C - a scroll of summoning {unknown}
 D - 2 scrolls of fog {unknown}
Potions
 b - a potion of magic
 e - a potion of mutation {unknown}
 f - 3 potions of curing
 i - 3 potions of heal wounds {unknown}
 j - 2 potions of attraction {unknown}
 n - a potion of berserk rage {unknown}
 o - a potion of lignification {unknown}
 p - 2 potions of haste
 s - a potion of enlightenment {unknown}
 x - a potion of brilliance {unknown}
 z - a potion of degeneration {unknown}


   Skills:
 + Level 0.7 Fighting
 - Level 2.4 Dodging
 - Level 2.4 Stealth
 + Level 11.4 Spellcasting
 + Level 10.4 Conjurations
 + Level 3.8 Hexes


You had 19 spell levels left.
You knew the following spells:

 Your Spells              Type           Power      Damage    Failure   Level
a - Magic Dart            Conj           100%       1d8       1%          1
b - Searing Ray           Conj           100%       2d8       1%          2
c - Fulminant Prism       Conj/Hex       27%        3d14      1%          4
d - Iskenderun's Mystic   Conj/Tloc      45%        2d10      4%          4

Your spell library contained the following spells:

 Spells                   Type           Power      Damage    Failure   Level
 Poisonous Vapours        Pois/Air       32%        N/A       5%          2
 Kiss of Death            Conj/Necr      100%       2d13      1%          1
 Dazzling Flash           Conj/Hex       100%       N/A       1%          3
 Confusing Touch          Hex            37%        N/A       2%          3
 Volatile Blastmotes      Fire/Tloc      32%        2d12      11%         3
 Dispel Undead            Necr           16%        3d10      34%         4
 Starburst                Conj/Fire      22%        6d8       54%         6


Dungeon Overview and Level Annotations

Branches:
Dungeon (7/15)             Temple (1/1) D:4          Bailey (1/1)

Altars:
Cheibriados
Dithmenos
Gozag
Makhleb
Nemelex Xobeh
Okawaru
Ru
Uskayaw
Vehumet
Wu Jian
Xom
Zin
The Shining One

Shops:
D:6 (   D:7 [


Message History

You erupt in a blast of force!
The mystic blast hits the orc warrior but does no damage.
The orc warrior shouts!
You hear a shout! x2
Unknown command.
Unknown command.
Unknown command.
Magic courses through your body.
The hobgoblin hits you with a +0 hand axe!
* * * LOW HITPOINT WARNING * * *
Unknown command.
Casting: Iskenderun's Mystic Blast (dangerous; 4% risk of failure)
Confirm with . or Enter, or press ? or * to list all spells.
You erupt in a blast of force!
The mystic blast hits the gnoll!
The gnoll is severely wounded.
The gnoll is knocked back by the mystic blast.
The mystic blast hits the orc warrior!
The orc warrior is moderately wounded.
The orc warrior is knocked back by the mystic blast.
The mystic blast hits the hobgoblin!
You kill the hobgoblin!
Vehumet accepts your kill.
You feel your power returning.
You hear a shout!
Unknown command.
Okay, then.
Your extra speed is starting to run out.
Casting: Iskenderun's Mystic Blast (dangerous; 4% risk of failure)
Confirm with . or Enter, or press ? or * to list all spells.
You erupt in a blast of force!
The mystic blast hits the orc warrior!
The orc warrior is severely wounded.
The orc warrior is knocked back by the mystic blast.
The orc warrior slams into the stone wall!
The orc warrior is almost dead.
The mystic blast hits the orc warrior!
The orc warrior is severely wounded.
The orc warrior is knocked back by the mystic blast.
The mystic blast hits the gnoll but does no damage.
The gnoll is severely wounded.
The gnoll hits you with a +0 hand axe.
You die...

....### ###.....#'#.###
♣♣.♣♣♣ #.###
###.###.....###♣♣♣....♣
###
###.o.......##.......
8# #...........#.......
8# #...........'[......
.g.
#..o..⌠.))).').∩)∩).
8#g.
#...)...o...).......
8##..
#...g.....).#....... ##
..
###.@.).....##.......
###.###.....###♣.......
###.....#o#.###
♣♣♣....♣ #.........###
♣♣♣♣♣♣ ........o..#
.......)...#
.....o.....#
...........#
...........#


You could see an orc knight, 3 orc warriors and a gnoll.

Vanquished Creatures
  Prince Ribbit (D:6)
  Sigmund (D:4)
  Eustachio (D:5)
  Menkaure (D:6)
  Duvessa (D:7)
  A water moccasin (D:6)
  5 orc warriors (Bailey)
  An ogre (D:5)
  2 phantoms
  A bullfrog (D:4)
  2 scorpions
  Dowan (D:7)
  2 hounds
  3 jellies
  3 orc priests
  Natasha (thrice) (D:4)
  Ijyb (D:3)
  A sleepcap (D:5)
  An iguana (D:6)
  3 orc wizards (D:6)
  8 adders
  2 gnolls (Bailey)
  2 white imps
  2 worms
  3 dart slugs
  30 orcs
  10 endoplasms
  4 giant cockroaches
  22 goblins
  12 hobgoblins
  5 jackals
  A quokka (D:3)
  6 ball pythons
  6 bats
  4 frilled lizards
  A rat (D:1)
153 creatures vanquished.

Vanquished Creatures (others)
  46 fulminant prisms
46 creatures vanquished.

Grand Total: 199 creatures vanquished

Notes
Turn   | Place    | Note
-------+----------+-------------------------------------------
     0 | D:1      | AvylaarBelgium the Deep Elf Conjurer began the quest for
                  | the Orb.
     0 | D:1      | Reached XP level 1. HP: 10/10 MP: 6/6
   183 | D:1      | Reached XP level 2. HP: 15/15 MP: 4/8
   351 | D:1      | Reached skill level 5 in Conjurations
   540 | D:1      | Found a faded altar of an unknown god.
   938 | D:2      | Reached XP level 3. HP: 19/19 MP: 5/9
  1346 | D:2      | Reached XP level 4. HP: 22/24 MP: 7/11
  1349 | D:2      | Learned a level 2 spell: Searing Ray
  1354 | D:2      | Learned a level 4 spell: Fulminant Prism
  1543 | D:2      | Reached skill level 4 in Spellcasting
  1934 | D:3      | Noticed a scorpion
  1940 | D:3      | Killed a scorpion
  1941 | D:3      | Reached XP level 5. HP: 28/28 MP: 5/13
  2366 | D:3      | Noticed Ijyb
  2379 | D:3      | Killed Ijyb
  2393 | D:3      | Identified the +10 hand axe "Huudyi" {freeze, SInv}
  2502 | D:4      | Found a staircase to the Ecumenical Temple.
  2513 | Temple   | Entered the Ecumenical Temple
  2574 | Temple   | Became a worshipper of Vehumet
  2606 | D:4      | Noticed a phantom
  2612 | D:4      | Noticed Natasha
  2627 | D:4      | Killed a phantom
  2628 | D:4      | Reached skill level 5 in Spellcasting
  2628 | D:4      | Reached XP level 6. HP: 26/32 MP: 1/16
  2628 | D:4      | Killed Natasha
  2767 | D:4      | Noticed Natasha
  2771 | D:4      | Killed Natasha
  2818 | D:4      | Noticed Natasha
  2823 | D:4      | Killed Natasha
  2843 | D:4      | Reached skill level 6 in Spellcasting
  3048 | D:4      | Reached XP level 7. HP: 29/37 MP: 2/18
  3170 | D:4      | Noticed Sigmund
  3179 | D:4      | Killed Sigmund
  3180 | D:4      | Reached skill level 7 in Spellcasting
  3180 | D:4      | Reached skill level 1 in Hexes
  3588 | D:4      | Found a glowing golden altar of the Shining One.
  3588 | D:4      | Found a burning altar of Makhleb.
  3595 | D:4      | Found a shimmering altar of Xom.
  3597 | D:4      | Found an opulent altar of Gozag.
  3599 | D:4      | Found a faded altar of an unknown god.
  3706 | D:5      | Entered Level 5 of the Dungeon
  3923 | D:5      | Reached skill level 8 in Spellcasting
  3985 | D:5      | Noticed Eustachio
  4005 | D:5      | Killed Eustachio
  4006 | D:5      | Reached XP level 8. HP: 42/42 MP: 7/22
  4259 | D:6      | Reached * piety under Vehumet
  4259 | D:6      | Offered knowledge of Freeze by Vehumet.
  4260 | D:6      | Reached skill level 9 in Spellcasting
  4669 | D:6      | Found Jocayrud's Weapon Boutique.
  4766 | D:6      | Noticed Menkaure
  4775 | D:6      | Killed Menkaure
  5048 | D:6      | Noticed Prince Ribbit
  5060 | D:6      | Killed Prince Ribbit
  5061 | D:6      | Reached skill level 10 in Spellcasting
  5069 | D:6      | Learned a level 4 spell: Iskenderun's Mystic Blast
  5213 | D:7      | Found Aful's Armour Shoppe.
  5312 | D:7      | Found a flagged portal.
  5312 | D:7      | Noticed Dowan
  5318 | D:7      | Killed Dowan
  5332 | D:7      | Noticed Duvessa
  5390 | D:7      | Killed Duvessa
  5391 | D:7      | Reached skill level 10 in Conjurations
  5391 | D:7      | Reached XP level 9. HP: 17/46 MP: 3/25
  5484 | Bailey   | Entered a bailey
  5579 | Bailey   | Reached ** piety under Vehumet
  5579 | Bailey   | Offered knowledge of Poisonous Vapours by Vehumet.
  5580 | Bailey   | Reached skill level 11 in Spellcasting
  5778 | Bailey   | Noticed an orc warlord
  5859 | Bailey   | Noticed an orc knight
  5897 | Bailey   | HP: 1/46 [orc warrior/+0 broad axe (13)]
  5906 | Bailey   | HP: 2/46 [hobgoblin/+0 hand axe (9)]
  5911 | Bailey   | Slain by a gnoll

Illustrated notes

Levels and vault maps discovered:
D:1:      dpeg_arrival_short_road, layout_basic,
          shapermc_ecumenical_altar_flowoftime, minmay_tripent
D:2:      layout_loops_cross
D:3:      kennysheep_the_goblin_king, layout_loops_ring, minmay_vboxes
D:4:      minmay_inner_zag, layout_loops_ring,
          chequers_temple_overflow_minitemple, minmay_temple_entry_antechambers,
          uniq_natasha, uniq_sigmund
D:5:      layout_basic, uniq_eustachio
D:6:      layout_gridville, serial_shops, shop, roderic_lattice_a,
          uniq_menkaure, uniq_prince_ribbit1
D:7:      layout_cave_pools, mainiacjoe_overflow_alcove_4,
          worldfamousw_hep_ancestral_shrine, enter_bailey_3,
          gammafunk_ghost_wrathful_warriors, serial_shops, nicolae_square_shop,
          minivault_25, minmay_increasing_density, uniq_duvessa
Temple:   nicolae_temple_two_arcs
Bailey:   bailey_axe_minmay_hex_keep, bailey

Skill      XL: |  1  2  3  4  5  6  7  8  9 |
---------------+----------------------------+-----
Conjurations   | 5 6 7 8 10 | 10.4
Spellcasting   | 4 5 6 8 10 11 | 11.4
Hexes          | 1 3 |  3.8
Fighting       | |  0.7
Dodging        | |  2.4
Stealth        | |  2.4

Action                     |  1- 3 |  4- 6 |  7- 9 || total
---------------------------+-------+-------+-------++-------
  Melee: Hand axe          |       |     1 |       ||     1
   Cast: Magic Dart        |    56 |    89 |    64 ||   209
         Searing Ray       |       |    14 |    15 ||    29
         Fulminant Prism   |       |     3 |    43 ||    46
         Iskenderun's Myst |       |       |     7 ||     7
  Evoke: Wand              |       |       |     1 ||     1
    Use: Scroll            |       |       |     4 ||     4
         Potion            |       |       |     3 ||     3
 Armour: Robe              |       |     1 |     3 ||     4
  Dodge: Dodged            |     3 |    12 |    24 ||    39

Table legend: (Time is in decaauts)
 A = Elapsed time spent in this place.
 B = Non-inter-level travel time spent in this place.
 C = Inter-level travel time spent in this place.
 D = Time resting spent in this place.
 E = Time spent auto-exploring this place.
 F = Levels seen in this place.
 G = Mean time per level.
                   A        B        C        D        E       F      G
               +--------+--------+--------+--------+--------+-----+--------+
         Total |   5895 |   5742 |    153 |    848 |   3805 |   9 |  655.0 |
       Dungeon |   5414 |   5270 |    144 |    655 |   3750 |   7 |  773.4 |
        Temple |     70 |     61 |      9 |      0 |     49 |   1 |   70.0 |
        Bailey |    409 |    409 |      0 |    193 |      6 |   1 |  409.0 |
               +--------+--------+--------+--------+--------+-----+--------+

Top non-repeatable levels by time:
     D:4: 1145 daAuts
     D:6: 1024 daAuts
     D:1: 1001 daAuts
     D:3: 862 daAuts
     D:2: 625 daAuts
     D:5: 519 daAuts
  Bailey: 409 daAuts
     D:7: 234 daAuts
  Temple: 70 daAuts
